Map: Shrines of Lizul

Players

dasaurus

  • Race: Terran Terran
  • League: Master
  • Spawn Location: 3:00

Hunted

  • Race: Protoss Protoss
  • Spawn Location: 12:00

PureLegacy - Winner!

  • Race: Terran Terran
  • Spawn Location: 9:00

IIllIllIl - Winner!

  • Race: Terran Terran
  • Spawn Location: 6:00

VOD

Have the link to the VOD?

Description

Time

  • Played on: Nov. 27, 2018, 1:35 p.m.
  • Length: 5:06
Show
View Real Time Build Order
Export as new Build Order

dasaurus Terran 

Build Orders: Gas First Reaper Expand 

Get SALT Encoding   

  12  0:01  SCV  
  13  0:13  SCV  
  14  0:18  Supply Depot  
  14  0:25  SCV  
  15  0:33  Refinery  
  15  0:40  SCV  
  16  0:46  Barracks  
  16  0:52  SCV  
  17  1:04  SCV  
  18  1:16  SCV  
  19  1:32  Orbital Command  
  19  1:37  Reaper  
  20  1:40  Supply Depot  
  20  1:54  Command Center  
  20  1:59  SCV  
  21  2:08  Refinery  
  21  2:09  Reaper  
  21  2:11  SCV  
  23  2:23  Factory, SCV  
  24  2:35  SCV  
  25  2:38  Supply Depot  
  25  2:44  Reaper  
  26  2:47  SCV  
  27  2:53  Engineering Bay  
  27  3:00  SCV  
  22  3:16  Reaper  
  22  3:18  Widow Mine  
  18  3:46  Widow Mine  
  18  3:48  Reaper  
  19  3:49  Orbital Command  
  19  3:54  Barracks  
  21  4:11  Hellion  
  21  4:20  Reaper  
Show
View Real Time Build Order
Export as new Build Order

Hunted Protoss 

Build Orders: Mass Adepts 

Get SALT Encoding   

  12  0:02  Probe  
  13  0:14  Probe  
  14  0:21  Pylon  
  14  0:26  Probe  
  15  0:39  Probe  
  15  0:41  Gateway  
  16  0:49  Assimilator  
  16  0:51  Probe  
  17  1:02  Pylon  
  17  1:04  Probe  
  18  1:13  Assimilator  
  18  1:15  Probe  
  19  1:23  Probe  
  19  1:29  Cybernetics Core  
  20  1:37  Probe  
  21  1:49  Probe  
  21  1:51  Pylon  
  22  2:02  Probe  
  22  2:06  Adept  
  22  2:07  Warp Gate  
  25  2:12  Twilight Council  
  25  2:20  Probe  
  24  2:39  Probe  
  24  2:40  Adept  
  27  2:50  Resonating Glaives  
  27  2:51  Gateway  
  27  2:52  Gateway  
  27  2:56  Probe  
  28  3:25  Adept  
  30  3:34  Adept x2  
  34  3:52  Adept  
  34  4:15  Adept x2  
  28  4:49  Adept x3  
Show
View Real Time Build Order
Export as new Build Order

PureLegacy Terran - Winner!

Build Orders:  

Get SALT Encoding   

  12  0:01  SCV  
  13  0:17  SCV  
  14  0:22  Supply Depot  
  14  0:29  SCV  
  14  0:35  Refinery  
  15  0:44  SCV  
  15  0:48  Barracks  
  16  0:56  SCV  
  17  1:09  Barracks  
  17  1:18  Barracks  
  17  1:21  SCV  
  18  1:36  Reaper  
  19  1:40  Orbital Command  
  19  1:48  Refinery  
  19  1:57  Reaper  
  19  2:01  Supply Depot  
  20  2:08  Reaper  
  21  2:13  Reaper  
  21  2:14  SCV  
  23  2:29  Reaper  
  24  2:34  Supply Depot  
  24  2:35  SCV  
  25  2:40  Reaper  
  26  2:48  Reaper  
  26  2:49  SCV  
  28  3:01  Reaper  
  28  3:12  Reaper  
  29  3:20  Reaper  
  29  3:25  SCV, Command Center  
  31  3:33  Reaper  
  32  3:37  SCV  
  33  3:44  Reaper  
  34  3:51  Barracks  
  34  3:52  Barracks  
  34  3:53  Reaper  
  36  3:55  SCV  
  36  4:09  Reaper  
  36  4:10  SCV  
  36  4:15  Supply Depot  
  37  4:19  Reaper  
  38  4:24  SCV  
  39  4:32  Reaper  
  42  5:05  Refinery  
  42  5:06  Refinery  
Show
View Real Time Build Order
Export as new Build Order

IIllIllIl Terran - Winner!

Build Orders: Cyclone Opening 

Get SALT Encoding   

  12  0:02  SCV  
  13  0:14  SCV  
  14  0:20  Supply Depot  
  14  0:25  Refinery  
  14  0:31  SCV  
  15  0:43  SCV  
  15  0:49  Barracks  
  16  0:55  SCV  
  17  1:08  SCV  
  18  1:13  Refinery  
  18  1:20  SCV  
  19  1:36  Marine  
  19  1:38  Supply Depot  
  20  1:40  SCV  
  20  1:44  Factory  
  21  1:52  SCV  
  22  1:56  Engineering Bay  
  22  2:03  Supply Depot  
  22  2:09  Barracks Reactor  
  22  2:12  SCV  
  23  2:32  Factory Tech Lab  
  23  2:43  Missile Turret  
  23  2:46  Marine x2  
  25  2:56  Cyclone  
  28  3:05  Marine x2  
  29  3:10  Supply Depot  
  30  3:28  Marine x2  
  30  3:29  Cyclone  
  35  3:45  Marine x2  
  37  3:52  Command Center  
  37  4:11  Siege Tank  
  37  4:13  SCV  
  41  4:22  Missile Turret  
  41  4:25  SCV  
Tags
 
Add a new tag
Caveats
  • Supply blocks, unpowered buildings, or Contaminate may cause inaccurate times.
  • Supply counts are checked every 10 seconds.